 Dungeon Crawl Stone Soup version 0.22-a0-460-g49b1da7 (webtiles) character file.

115 Irindil the Ruffian (level 5, -4/44 HPs)
             Began as a Naga Transmuter on June 9, 2018.
             Was an Initiate of Dithmenos.
             Slain by an ogre
             ... wielding a +0 giant club
              (26 damage)
             ... on level 3 of the Dungeon.
             The game lasted 00:12:57 (3220 turns).

Irindil the Ruffian (Naga Transmuter)               Turns: 3220, Time: 00:13:00

Health: -4/44      AC:  3    Str: 14    XL:     5   Next: 0%
Magic:  6/8        EV: 10    Int: 13    God:    Dithmenos [......]
Gold:   116        SH:  0    Dex: 11    Spells: 7/8 levels left

rFire    . . .     SeeInvis +     - Unarmed
rCold    . . .     Gourm    .   (no shield)
rNeg     . . .     Faith    .   b - +0 robe
rPois    +         Spirit   .   (no helmet)
rElec    .         Reflect  .   (no cloak)
rCorr    .         Harm     .   h - +0 pair of gloves
MR       .....                  (no barding)
Stlth    +.........             (no amulet)
HPRegen  0.14/turn              (no ring)
MPRegen  0.11/turn              (no ring)

@: appendage (expiring), very slow
A: large, horns 2, see invisible, deformed body, poison resistance, slowness 2,
slow metabolism 1, spit poison 1, AC +1
a: Spit Poison, End Transformation, Renounce Religion


You were on level 3 of the Dungeon.
You worshipped Dithmenos.
Dithmenos was noncommittal.
You were not hungry.
You had grown temporary horns.
You visited 1 branch of the dungeon, and saw 3 of its levels.

You collected 116 gold pieces.

Inventory:

Missiles
 a - 28 arrows
Armour
 b - a +0 robe (worn)
 c - a cursed +0 shield
 h - a +0 pair of gloves (worn)
Wands
 p - a wand of polymorph (9)
Scrolls
 e - a scroll of immolation {unknown}
 f - a scroll of enchant weapon {unknown}
 g - 3 scrolls of identify {unknown}
 k - 2 scrolls of fear {unknown}
 l - a scroll of teleportation {unknown}
 n - a scroll of blinking {unknown}
Potions
 i - 2 potions of resistance {unknown}
 j - a potion of heal wounds {unknown}
 m - a potion of brilliance {unknown}
 o - a potion of curing {unknown}
Comestibles
 d - 8 rations


   Skills:
 + Level 1.1 Fighting
 + Level 2.1 Dodging
 + Level 4.7 Unarmed Combat
 + Level 2.3 Spellcasting
 + Level 2.3 Transmutations


You had 7 spell levels left.
You knew the following spells:

 Your Spells              Type           Power        Failure   Level  Hunger
a - Beastly Appendage     Tmut           #.....       10%         1    #......

Your spell library contained the following spells:

 Spells                   Type           Power        Failure   Level  Hunger
 Spider Form              Tmut/Pois      #.........   41%         3    ###....
 Blade Hands              Tmut           #.........   95%         5    ######.
 Ice Form                 Ice/Tmut       #.......     83%         4    #####..
 Sticks to Snakes         Tmut           #.......     14%         2    ###....


Dungeon Overview and Level Annotations

Branches:
Dungeon (3/15)

Altars:
Dithmenos
Nemelex Xobeh
Yredelemnul


Innate Abilities, Weirdness & Mutations

You cannot wear boots.
Your serpentine skin is tough. (AC +1)
You have supernaturally acute eyesight. (SInv)
Armour fits poorly on your strangely shaped body.
Your system is resistant to poisons. (rPois)
You cover ground very slowly.
You have a slow metabolism.
You can spit poison.
You have a pair of horns on your head.


Message History

An ogre comes into view. It is wielding a giant club.
The ogre shouts!
You hear a shout!
You barely miss the orc. The orc hits you with a hand axe.
You punch the orc!
You kill the orc!
Dithmenos accepts your kill.
You have reached level 5!
You hit the ogre.
The ogre is lightly wounded.
You hit the ogre.
The ogre is moderately wounded.
The ogre hits you with a giant club!!
Ouch! That really hurt!
You hit the ogre.
The ogre is heavily wounded.
You have got your breath back.
A gnoll comes into view.
The ogre hits you with a giant club!!
Ouch! That really hurt!
You die...

#.#..#.#.####.#.#(##
#........##........
#...........#.#.#>#
#.#.##........ #
#..#####.##. ##.# .#
#.##.## .# #.....#
#.###@# # #O# #o#


.oo #.# ..# ..# #g. You could see an ogre, a gnoll (wandering) and 3 orcs.

Vanquished Creatures
  4 adders
  An ooze (D:2)
  4 worms
  2 dart slugs
  3 leopard geckos
  An orc (D:3)
  A ball python (D:2)
  5 bats
  4 giant cockroaches
  A goblin (D:2)
  4 hobgoblins
  3 jackals (D:2)
  8 kobolds
  3 quokkas (D:2)
  3 frilled lizards
  8 rats
55 creatures vanquished.

Notes
Turn   | Place    | Note
-------+----------+-------------------------------------------
     0 | D:1      | Irindil the Naga Transmuter began the quest for the Orb.
     0 | D:1      | Reached XP level 1. HP: 18/18 MP: 3/3
   312 | D:1      | Reached XP level 2. HP: 20/25 MP: 1/5
   741 | D:1      | You fall through a shaft!
   946 | D:2      | Reached XP level 3. HP: 7/31 MP: 4/6
   980 | D:2      | Reached skill level 4 in Unarmed Combat
  1947 | D:2      | Reached XP level 4. HP: 30/38 MP: 7/7
  2125 | D:2      | Found a sparkling altar of Nemelex Xobeh.
  2438 | D:2      | Found a shadowy altar of Dithmenos.
  2442 | D:2      | Became a worshipper of Dithmenos the Shadowed
  2542 | D:2      | Found a faded altar of an unknown god.
  2670 | D:3      | Found a basalt altar of Yredelemnul.
  3214 | D:3      | Noticed an ogre
  3217 | D:3      | Reached XP level 5. HP: 43/44 MP: 6/8
  3220 | D:3      | Slain by an ogre

Vault maps used:
D:1:      elethiomel_arrival_quiet
D:2:      marbit_many_paths, lemuel_doored_altar,
          chequers_ecumenical_altar_simple_redux
D:3:      lemuel_crystal_altar, first_ration, st_stairs_12,
          kennysheep_generic_room_11

Skill      XL: |  1  2  3  4 |
---------------+-------------+-----
Unarmed Combat | 4 |  4.7
Dodging        | 2 |  2.1
Fighting       | |  1.1
Spellcasting   | |  2.3
Transmutations | |  2.3

Action                   |  1- 3 |  4- 6 || total
-------------------------+-------+-------++-------
Melee: Unarmed           |   157 |   104 ||   261
       Headbutt          |    13 |     6 ||    19
       Punch             |     3 |     1 ||     4
 Cast: Beastly Appendage |    14 |     7 ||    21
 Abil: Spit Poison       |     3 |     1 ||     4
  Use: Potion            |     2 |       ||     2
 Stab: Sleeping          |     2 |     3 ||     5
       Invisible         |     1 |       ||     1
  Eat: Chunk             |     3 |     3 ||     6
Armor: Robe              |    37 |    15 ||    52
Dodge: Dodged            |    88 |    44 ||   132

Table legend:
 A = Spawn XP
 B = Non-spawn XP
 C = Spawn XP percentage of total XP
 D = Spawn monster count
 E = Non-spawn monster count
 F = Spawn count percentage of total count
 G = Total turns spent on level
                    A         B        C        D         E        F      G
               +---------+---------+-------+---------+---------+-------+---------
         Total |       0 |     165 |   0.0 |       0 |      55 |   0.0 |  3220
               +---------+---------+-------+---------+---------+-------+---------
           D:1 |       0 |      28 |   0.0 |       0 |      15 |   0.0 |   977
           D:2 |       0 |     106 |   0.0 |       0 |      31 |   0.0 |  1587
           D:3 |       0 |      31 |   0.0 |       0 |       9 |   0.0 |   656
               +---------+---------+-------+---------+---------+-------+---------
